 Dungeon Crawl Stone Soup version 0.29-a0-371-g91724d5b39 (webtiles) character file.

Game seed: 1958937007305536522

309 IdlyInterested the Ducker (level 6, -6/44 HPs)
             Began as a Demonspawn Gladiator on May 2, 2022.
             Mangled by a gnoll
             ... wielding a +1 spear of flaming
             ... led by a gnoll shaman
              (9 damage)
             ... on level 4 of the Dungeon.
             The game lasted 00:08:10 (2545 turns).

IdlyInterested the Ducker (Demonspawn Gladiator)    Turns: 2545, Time: 00:08:12

Health: -6/44      AC: 10    Str: 17    XL:     6   Next: 17%
Magic:  6/6        EV: 12    Int: 11    God:
Gold:   1187       SH:  0    Dex: 17    Spells: 5/5 levels left

rFire   . . .      SeeInvis .   a - +1 long sword
rCold   . . .      Faith    .   (no shield)
rNeg    + . .      Spirit   .   o - +0 chain mail
rPois   .          Reflect  .   c - +0 helmet
rElec   .          Harm     .   (no cloak)
rCorr   .          Rampage  .   (no gloves)
Will    .....                   q - +0 pair of boots
Stlth   ..........              (no amulet)
HPRegen 1.14/turn               f - ring of Buyh {Fly rN+ Str+3 Stlth+}
MPRegen 0.10/turn               j - +4 ring of evasion

@: flying, hasted, very quick
A: foul stench 2, powered by death 1, big brain 1
a: no special abilities


You were on level 4 of the Dungeon.
You visited 1 branch of the dungeon, and saw 4 of its levels.

You collected 1187 gold pieces.

Inventory:

Hand Weapons
 a - a +1 long sword (weapon)
 n - a +0 falchion
Missiles
 d - a throwing net
 e - 3 javelins
 k - 56 stones (quivered)
Armour
 b - a +0 leather armour
 c - a +0 helmet (worn)
 l - a +0 ring mail
 o - a +0 chain mail (worn)
 q - a +0 pair of boots (worn)
Magical Staves
 g - a staff of death
Jewellery
 f - the ring of Buyh (left hand) {Fly rN+ Str+3 Stlth+}
   (You found it on level 2 of the Dungeon)

   [ring of positive energy]

   Str:       It affects your strength (+3).
   rN:        It protects you from negative energy.
   Fly:       It grants you flight.
   Stlth:     It makes you more stealthy.
 i - a +4 ring of protection
 j - a +4 ring of evasion (right hand)
 t - a +6 ring of intelligence
Scrolls
 h - 2 scrolls of enchant weapon
 s - a scroll of identify


   Skills:
 - Level 2.0 Fighting
 * Level 4.4 Long Blades
 - Level 2.0 Throwing
 - Level 2.0 Armour
 * Level 4.5 Dodging
 * Level 0.4 Evocations


You had 5 spell levels left.
You didn't know any spells.
Your spell library contained the following spells:

 Spells                   Type           Power      Damage    Failure   Level
 Confusing Touch          Hex            0%         N/A       100%        3
 Yara's Violent Unravell  Hex/Tmut       0%         3d3       100%        5
 Enfeeble                 Hex            0%         N/A       100%        7


Dungeon Overview and Level Annotations

Branches:
Dungeon (4/15)
 Temple: D:4-7

Altars:
Ashenzari
Fedhas
Okawaru


Innate Abilities, Weirdness & Mutations

You sometimes emit foul miasma when damaged in melee.
You regenerate a little health from kills.
You have an unusually large brain. (Int +2)


Message History

You slash the orc!
You kill the orc!
The gnoll barely misses you. The gnoll closely misses you.
The gnoll hits you but does no damage.
Unknown command.
Throw: 6 javelins
Press: ? - help, Shift-Dir - straight line, f - gnoll
Aim: a gnoll, wielding a +0 club (65% to hit)
You throw a javelin.
The javelin pierces through the gnoll shaman!
The gnoll shaman is severely wounded.
The javelin closely misses the gnoll.
The javelin barely misses the gnoll.
The gnoll closely misses you. The gnoll hits you but does no damage.
The gnoll hits you with a +0 flail.
* * * LOW HITPOINT WARNING * * *
The gnoll shaman barely misses you.
Throw: 5 javelins
Press: ? - help, Shift-Dir - straight line, p - gnoll You throw a javelin.
The javelin pierces through the jackal!
You kill the jackal!
The javelin barely misses the gnoll.
The gnoll hits you but does no damage. x2; The gnoll hits you with a +0 flail.
* * * LOW HITPOINT WARNING * * *
You emit a cloud of foul miasma!
The gnoll shaman barely misses you.
The gnoll hits you from afar with a +0 spear.
* * * LOW HITPOINT WARNING * * *
Unknown command.
Throw: 4 javelins
Press: ? - help, Shift-Dir - straight line, f - Edmund
Aim: Edmund, wielding a +2 flail of protection and wearing a +0 chain mail (severely wounded, 69% to hit)
You throw a javelin.
The javelin pierces through the gnoll shaman!
You kill the gnoll shaman!
The javelin barely misses the gnoll.
The javelin pierces through Edmund!
You kill Edmund!
The gnoll hits you but does no damage.
The gnoll hits you from afar with a +1 spear of flaming!
You die...

............>
#........(..#
.........>..
....?......
#..........
##......(...
#..g.......#
#g.g<......#
#@g.)[..(...
####........
.........
........#.
.#....#.##
....#.....#
.. .. ...#!.#
.# ..# #..#
..


You could see 4 gnolls.

Vanquished Creatures
  Sigmund (D:2)
  Edmund (D:4)
  A gnoll shaman (D:4)
  Terence (D:2)
  4 adders
  A worm (D:3)
  A dart slug (D:2)
  7 orcs
  5 ball pythons
  5 bats
  4 endoplasms
  A giant cockroach (D:1)
  8 goblins
  6 hobgoblins
  A jackal (D:4)
  3 quokkas
  5 frilled lizards
  3 kobolds
  3 rats (D:1)
61 creatures vanquished.

Notes
Turn   | Place    | Note
-------+----------+-------------------------------------------
     0 | D:1      | IdlyInterested the Demonspawn Gladiator began the quest for
                  | the Orb.
     0 | D:1      | Reached XP level 1. HP: 16/16 MP: 1/1
   466 | D:1      | Gained mutation: You regenerate a little health from kills.
                  | [demonic ancestry]
   466 | D:1      | Reached XP level 2. HP: 22/22 MP: 2/2
  1189 | D:2      | Noticed Sigmund
  1199 | D:2      | Reached XP level 3. HP: 26/27 MP: 3/3
  1215 | D:2      | Killed Sigmund
  1216 | D:2      | Reached skill level 1 in Armour
  1216 | D:2      | Gained mutation: You may rarely emit foul miasma when
                  | damaged in melee. [demonic ancestry]
  1216 | D:2      | Reached XP level 4. HP: 33/33 MP: 4/4
  1216 | D:2      | Gained mutation: You sometimes emit foul miasma when
                  | damaged in melee. [demonic ancestry]
  1216 | D:2      | Reached XP level 5. HP: 38/38 MP: 5/5
  1252 | D:2      | Identified the ring of Buyh {Fly rN+ Str+3 Stlth+}
  1509 | D:2      | Noticed Terence
  1517 | D:2      | Killed Terence
  1885 | D:3      | Gained mutation: You have an unusually large brain. (Int
                  | +2) [demonic ancestry]
  1885 | D:3      | Reached XP level 6. HP: 44/44 MP: 6/6
  2025 | D:3      | Found a blossoming altar of Fedhas.
  2027 | D:3      | Found a broken altar of Ashenzari.
  2031 | D:3      | Found an iron altar of Okawaru.
  2499 | D:3      | Identified a scroll of acquirement
  2499 | D:3      | Acquired 1017 gold pieces
  2520 | D:4      | Noticed Edmund
  2544 | D:4      | HP: 2/44 [gnoll/+0 spear[a gnoll shaman] (2)]
  2545 | D:4      | Killed Edmund
  2545 | D:4      | Mangled by a gnoll

Illustrated notes

Levels and vault maps discovered:
D:1:      nicolae_arrival_memento_mori, layout_basic
D:2:      layout_basic, minmay_vboxes, uniq_terence, uniq_sigmund
D:3:      layout_basic, nicolae_overflow_hidden_temple
D:4:      layout_rooms, nicolae_vehumet_radiance, serial_shops,
          nicolae_shop_bloodbath_and_beyond, corexii_hall_statues_u,
          minivault_27, uniq_edmund

Skill      XL: |  1  2  3  4  5  6 |
---------------+-------------------+-----
Long Blades    | 3 4 |  4.4
Throwing       | 2 |  2.0
Dodging        | 3 4 |  4.5
Armour         | 1 2 |  2.0
Fighting       | |  2.0
Evocations     | |  0.4

Action                   |  1- 3 |  4- 6 || total
-------------------------+-------+-------++-------
Melee: Long sword        |   101 |   122 ||   223
       Punch             |     2 |       ||     2
Throw: Throwing net      |     3 |     1 ||     4
       Javelin           |     1 |     3 ||     4
  Use: Potion            |     2 |     2 ||     4
       Scroll            |     1 |     5 ||     6
 Stab: Held in net/web   |     1 |     1 ||     2
       Sleeping          |       |     2 ||     2
Armor: Leather armour    |    39 |     4 ||    43
       Chain mail        |       |    40 ||    40
Dodge: Dodged            |    73 |   109 ||   182

Table legend: (Time is in decaauts)
 A = Elapsed time spent in this place.
 B = Non-inter-level travel time spent in this place.
 C = Inter-level travel time spent in this place.
 D = Time resting spent in this place.
 E = Time spent auto-exploring this place.
 F = Levels seen in this place.
 G = Mean time per level.
                   A        B        C        D        E       F      G
               +--------+--------+--------+--------+--------+-----+--------+
         Total |   2584 |   2512 |     72 |    268 |   1576 |   4 |  646.0 |
       Dungeon |   2584 |   2512 |     72 |    268 |   1576 |   4 |  646.0 |
               +--------+--------+--------+--------+--------+-----+--------+

Top non-repeatable levels by time:
     D:1: 1062 daAuts
     D:3: 764 daAuts
     D:2: 736 daAuts
     D:4: 20 daAuts
